 Dungeon Crawl Stone Soup version 0.17-a0-2069-g0f4ee5b (webtiles) character file.

3381 pk666 the Protected (level 9, 0/85 HPs)
             Began as a Minotaur Fighter on Oct 14, 2015.
             Slain by Erolcha
             ... wielding a +6 giant spiked club
              (12 damage)
             ... on level 8 of the Dungeon.
             The game lasted 00:18:49 (8296 turns).

pk666 the Protected (Minotaur Fighter)              Turns: 8296, Time: 00:18:50

Health: 0/85       AC: 11    Str: 24    XL:     9   Next: 74%
Magic:  8/8        EV:  7    Int:  9    God:
Gold:   392        SH:  9    Dex: 10    Spells: 0 memorised, 8 levels left

rFire  . . .     SeeInvis .     a - +0 war axe
rCold  + + .     Clarity  .     b - +0 scale mail
rNeg   . . .     SustAt   .     c - +0 shield
rPois  +         Gourm    .     (helmet restricted)
rElec  .         Spirit   .     B - +0 cloak
rCorr  .         Warding  .     J - +0 pair of gloves
rMut   .         Stasis   +     (no boots)
MR     +....                    v - amulet "Seane" {Stasis rPois rC+ Int+4}
Stlth  +.........               (no ring)
                                r - ring "Dytzo" {rC+ Stlth+}

@: somewhat resistant to hostile enchantments, very unstealthy
A: retaliatory headbutt, horns 2, magic resistance 1
a: no special abilities


You were on level 8 of the Dungeon.
You were hungry.

You visited 2 branches of the dungeon, and saw 9 of its levels.

You collected 462 gold pieces.
You spent 70 gold pieces at shops.

Inventory:

Hand Weapons
 a - a +0 war axe (weapon)
Armour
 b - a +0 scale mail (worn)
 c - a +0 shield (worn)
 B - a +0 cloak (worn)
 J - a +0 pair of gloves (worn)
Jewellery
 r - the ring "Dytzo" (left hand) {rC+ Stlth+}
   (You found it on level 4 of the Dungeon)

   [ring of stealth]

   It protects you from cold.
   It makes you more stealthy.
 v - the amulet "Seane" (around neck) {Stasis rPois rC+ Int+4}
   (You found it on level 5 of the Dungeon)

   [amulet of stasis]

   It prevents you from being teleported, slowed, hasted or paralysed.
   It affects your intelligence (+4).
   It protects you from cold.
   It protects you from poison.
 N - an uncursed amulet of guardian spirit {unknown}
Wands
 h - a wand of paralysis (3)
 s - a wand of disintegration (3)
 K - a wand of magic darts (24)
 L - a wand of flame (37)
Scrolls
 g - a scroll of enchant armour {unknown}
 j - 3 scrolls of remove curse
 k - 6 scrolls of identify
 l - 2 scrolls of magic mapping {unknown}
 m - 2 scrolls of immolation {unknown}
 n - 2 scrolls of amnesia {unknown}
 p - 2 scrolls of recharging {unknown}
 q - a scroll of fog {unknown}
 w - a scroll of silence {unknown}
 y - 2 scrolls of teleportation {unknown}
 C - a scroll of fear {unknown}
 E - a scroll of random uselessness {unknown}
 I - a scroll of enchant weapon {unknown}
Potions
 d - a potion of lignification {unknown}
 e - 2 potions of ambrosia
 i - 3 potions of curing
 u - a potion of brilliance {unknown}
 z - a potion of mutation
 D - a potion of might
 H - a potion of agility {unknown}
 M - a potion of cancellation {unknown}
Books
 A - a book of Frost

   Spells                             Type                      Level
   a - Freeze                         Ice                          1
   b - Throw Frost                    Conjuration/Ice              2
   c - Ozocubu's Armour               Charms/Ice                   3
   d - Throw Icicle                   Conjuration/Ice              4
   e - Summon Ice Beast               Ice/Summoning                4
   f - Condensation Shield            Ice                          4
 F - a book of Beasts

   Spells                             Type                      Level
   a - Summon Butterflies             Summoning                    1
   b - Call Canine Familiar           Summoning                    3
   c - Summon Ice Beast               Ice/Summoning                4
   d - Summon Mana Viper              Hexes/Summoning              5
   e - Summon Hydra                   Summoning                    7
 G - a book of the Sky

   Spells                             Type                      Level
   a - Summon Lightning Spire         Summoning/Air                4
   b - Airstrike                      Air                          4
   c - Silence                        Hexes/Air                    5
   d - Deflect Missiles               Charms/Air                   6
   e - Conjure Ball Lightning         Conjuration/Air              6
   f - Tornado                        Air                          9
Comestibles
 f - 4 meat rations
 t - a fruit
 x - 3 bread rations


   Skills:
 + Level 10.1 Fighting
 + Level 10.0 Axes
 - Level 10.3 Armour
 - Level 3.6 Shields


You had 8 spell levels left.
You didn't know any spells.

Dungeon Overview and Level Annotations

Branches:
Dungeon (8/15)             Temple (1/1) D:6
   Lair: D:8-11

Altars:
Cheibriados
Elyvilon
Fedhas
Gozag
Kikubaaqudgha
Makhleb
Nemelex Xobeh
Ru
Xom
Yredelemnul
Zin
The Shining One

Shops:
D:6 ?   D:7 (

Annotations:
D:8 Erolcha, Pikel


Innate Abilities, Weirdness & Mutations

You reflexively headbutt those who attack you in melee.
You have a pair of horns on your head.
You are resistant to hostile enchantments.


Message History

Erolcha is almost dead.
You slash the slave!
The slave is almost dead.
You closely miss the slave.
The slave is severely wounded.
Erolcha casts a spell at you.
The amulet "Seane" {Stasis rPois rC+ Int+4} gives you a mild electric shock.
The slave hits you. x2
Erolcha screams, "Erolcha kill you!"
Erolcha hits you with an enchanted giant spiked club!!
* * * LOW HITPOINT WARNING * * *
You barely miss Erolcha.
Erolcha is almost dead.
Your shield and scale mail prevent you from hitting the slave.
The slave is almost dead.
You slash the slave!
You kill the slave!
That felt strangely unrewarding.
The slave hits you but does no damage.
Erolcha hits you with an enchanted giant spiked club!
You die...

###### #.....# #
K......###.# .....).....#
........####
.......†O@p#####
........##[....##### .
........######.....#####.#
.......## #####........
......############........
#######.........##.....#..
#..................#
#..>......)#.....### #..
#.........##.....#


You could see Erolcha and a slave.

Vanquished Creatures
  Maurice (D:8)
  Eustachio (D:4)
  A hungry ghost (D:7)
  Duvessa (D:6)
  A phantom (D:7)
  2 sky beasts
  5 ogres
  2 centaurs
  2 slaves (D:8)
  4 big kobolds (D:4)
  2 giant frogs
  3 scorpions
  Dowan (D:7)
  6 killer bees (D:8)
  A giant frog zombie (D:6)
  4 orc priests
  2 hounds
  3 crimson imps
  An iguana (D:4)
  7 orc wizards
  3 worker ants
  A hound zombie (D:5)
  A hound skeleton (D:7)
  5 gnolls
  Robin (D:3)
  10 adders
  2 shadow imps (D:8)
  An adder zombie (D:8)
  3 oozes
  2 adder skeletons
  3 worms
  5 giant geckos
  10 orcs
  A ball python (D:1)
  4 bats
  6 giant cockroaches
  10 goblins
  11 hobgoblins
  6 jackals
  3 quokkas
  A giant gecko skeleton (D:4)
  11 giant newts
  51 kobolds
  A quokka skeleton (D:7)
  A quokka zombie (D:8)
  7 rats
210 creatures vanquished.

Notes
Turn   | Place    | Note
--------------------------------------------------------------
     0 | D:1      | pk666 the Minotaur Fighter began the quest for the Orb.
     0 | D:1      | Reached XP level 1. HP: 19/19 MP: 0/0
   235 | D:1      | Reached XP level 2. HP: 27/27 MP: 1/1
   428 | D:1      | Reached skill level 4 in Armour
   763 | D:1      | Reached XP level 3. HP: 33/33 MP: 2/2
  1830 | D:2      | Reached XP level 4. HP: 40/40 MP: 3/3
  2103 | D:3      | Noticed Robin
  2109 | D:3      | Killed Robin
  2445 | D:3      | Found a sparkling altar of Nemelex Xobeh.
  2493 | D:3      | Reached skill level 5 in Armour
  2630 | D:3      | Reached XP level 5. HP: 17/47 MP: 4/4
  3192 | D:4      | Reached skill level 5 in Fighting
  3267 | D:4      | Got a sparkling ivory ring
  3268 | D:4      | Identified the ring "Dytzo" {rC+ Stlth+} (You found it on level 4 of the Dungeon)
  3451 | D:4      | Reached skill level 5 in Axes
  3588 | D:4      | Reached XP level 6. HP: 53/56 MP: 5/5
  3756 | D:4      | Noticed Eustachio
  3815 | D:4      | HP: 2/56 [quasit[Eustachio] (1)]
  3816 | D:4      | Killed Eustachio
  3816 | D:4      | Reached skill level 6 in Armour
  4120 | D:4      | Reached XP level 7. HP: 56/63 MP: 6/6
  4442 | D:4      | Reached skill level 7 in Armour
  4884 | D:5      | Entered Level 5 of the Dungeon
  4895 | D:5      | Reached XP level 8. HP: 61/73 MP: 7/7
  5309 | D:5      | Got a slimy bone amulet
  5310 | D:5      | Identified the amulet "Seane" {Stasis rPois rC+ Int+4} (You found it on level 5 of the Dungeon)
  5357 | D:5      | Reached skill level 8 in Armour
  6272 | D:6      | Found a staircase to the Ecumenical Temple.
  6280 | Temple   | Entered the Ecumenical Temple
  6396 | D:6      | Found Ynoofio's Magic Scroll Emporium.
  6408 | D:6      | Bought a scroll of remove curse for 42 gold pieces
  6408 | D:6      | Bought a scroll of identify for 28 gold pieces
  6671 | D:7      | Noticed Dowan
  6682 | D:7      | Noticed Duvessa
  6684 | D:7      | Killed Dowan
  6698 | D:6      | Gained mutation: You are partially covered in molten scales (AC +1). [potion of mutation]
  6698 | D:6      | Gained mutation: You are resistant to hostile enchantments. [potion of mutation]
  6698 | D:6      | Lost mutation: You are partially covered in molten scales (AC +1). [potion of mutation]
  6706 | D:6      | Killed Duvessa
  6706 | D:6      | Reached skill level 9 in Armour
  7005 | D:7      | Reached XP level 9. HP: 71/82 MP: 8/8
  7027 | D:7      | Found Faenned's Antique Weapon Boutique.
  7572 | D:8      | Noticed Maurice
  7593 | D:8      | Killed Maurice
  7725 | D:8      | Reached skill level 10 in Armour
  8265 | D:8      | Noticed Erolcha
  8266 | D:8      | Noticed Pikel
  8282 | D:7      | Reached skill level 10 in Fighting
  8282 | D:7      | Reached skill level 10 in Axes
  8296 | D:8      | Slain by Erolcha

Vault maps used:
D:1:      sevenhm_arrival_forest_fort_large_4, minmay_misc_feat_tower
D:3:      nemelex_xobeh_ov_fountains_minmay, uniq_robin
D:4:      minmay_goblin_kobold_castle, first_bread, kennysheep_generic_room_8,
          uniq_eustachio
D:6:      minmay_temple_entry_glassed_door, serial_shops, shop
D:7:      serial_shops, shop, uniq_duvessa
D:8:      kennysheep_mini, uniq_pikel, uniq_erica, uniq_erolcha, uniq_maurice
Temple:   circular_temple_12

Action                   |  1- 3 |  4- 6 |  7- 9 || total
-------------------------+-------+-------+-------++-------
Melee: War axe           |    84 |   167 |   331 ||   582
  Use: Potion            |       |       |     4 ||     4
  Eat: Chunk             |     3 |     7 |    11 ||    21
       Fruit             |       |       |     2 ||     2
       Beef jerky        |       |       |     1 ||     1
